 Dungeon Crawl Stone Soup version 0.30-a0-626-gd6a5dd7a1f (webtiles) character file.

Game seed: 5105827821971952743

169 Errthou the Ruffian (level 5, -1/53 HPs)
             Began as a Troll Berserker on Jan 11, 2023.
             Was a Believer of Trog.
             Slain by Grinder (3 damage)
             ... on level 2 of the Dungeon.
             The game lasted 00:08:37 (1254 turns).

Errthou the Ruffian (Troll Berserker)               Turns: 1254, Time: 00:08:37

Health: -1/53      AC:  4    Str: 27    XL:     5   Next: 25%
Magic:  4/4        EV: 10    Int:  3    God:    Trog [**....]
Gold:   140        SH:  0    Dex:  9    Spells: 4/4 levels left

rFire   . . .      SeeInvis .      - Unarmed
rCold   . . .      Faith    .    (no shield)
rNeg    . . .      Spirit   .    a - +0 animal skin
rPois   .          Reflect  .    (helmet restricted)
rElec   .          Harm     .    (no cloak)
rCorr   .          Rampage  .    (gloves unavailable)
Will    .....                    (boots unavailable)
Stlth   +                        d - amulet of regeneration
HPRegen 1.88/turn                (no ring)
MPRegen 0.09/turn                (no ring)

@: on berserk cooldown, slowed, very slow
A: large, unfitting armour, claws 3, regeneration 1, shaggy fur 1, tough skin 1
a: Renounce Religion, Berserk, Trog's Hand


You were on level 2 of the Dungeon.
You worshipped Trog.
Trog was pleased with you.
You visited 1 branch of the dungeon, and saw 3 of its levels.

You collected 140 gold pieces.

Inventory:

Missiles
 f - 4 stones (quivered)
 l - 2 throwing nets
Armour
 a - a +0 animal skin (worn)
Jewellery
 d - an amulet of regeneration (around neck)
Wands
 j - a wand of flame (15)
Scrolls
 h - a scroll of amnesia {unknown}
 i - a scroll of vulnerability {unknown}
 n - 2 scrolls of identify {unknown}
 o - a scroll of enchant armour {unknown}
Potions
 b - a potion of lignification {unknown}
 c - a potion of experience {unknown}
 e - 2 potions of magic {unknown}
 g - a potion of haste {unknown}
 k - a potion of curing {unknown}
 m - a potion of heal wounds {unknown}


   Skills:
 + Level 3.0 Fighting
 + Level 2.1 Throwing
 - Level 2.4 Dodging
 * Level 4.8 Unarmed Combat


You had 4 spell levels left.
You didn't know any spells.
Your spell library was empty.

Dungeon Overview and Level Annotations

Branches:
Dungeon (3/15)

Altars:

Annotations:
D:2 Grinder


Innate Abilities, Weirdness & Mutations

You are too large for most types of armour.
You have claws for hands.
Your natural rate of healing is unusually fast.
You are covered in fur. (AC +1)
You have tough skin. (AC +1)


Message History

Grinder says, "What is the universe for?"
Grinder hits you.
The frilled lizard bites you but does no damage.
The frilled lizard bites you.
You closely miss the frilled lizard.
Grinder blinks!
The frilled lizard barely misses you. The frilled lizard bites you.
You scratch the frilled lizard.
You kill the frilled lizard!
Trog accepts your kill.
You miss the frilled lizard.
Grinder blinks!
The frilled lizard bites you but does no damage.
You claw the frilled lizard!
You kill the frilled lizard!
Trog accepts your kill.
You see here a frilled lizard corpse.
You feel a strong urge to attack something.
Grinder gestures at you.
You barely resist.
You are no longer berserk.
You are exhausted.
You feel yourself slow down. Grinder gestures at you.
Pain shoots through your body! Grinder hits you!
You writhe in agony.
You claw Grinder! You claw Grinder.
Grinder is almost dead.
Grinder gestures at you.
You suddenly lose the ability to move!
Grinder hits you.
You writhe in agony.
* * * LOW HITPOINT WARNING * * *
Grinder gestures at you. Pain shoots through your body!
* * * LOW HITPOINT WARNING * * *
You can move again.
You barely miss Grinder.
Grinder is almost dead.
Grinder hits you.
* * * LOW HITPOINT WARNING * * *
You writhe in agony.
You die...

######## ##### .......#
#...###### ##### .......#
#........#######.... .......#
#.......<.....##.##. .......#
#................###
.......#######........>.....#....
.......#.........5..........#.#..
.......#........@...........#.#..
###...##....................#.#..
#.....##...................†#....
#.#.........##.†.................
#.#...........>.............†....
.............#†..................
.#........[..##.#################
.............##.############.....
###..........#..#.........##.....


You could see Grinder.

Vanquished Creatures
  Natasha (thrice) (D:2)
  4 adders (D:2)
  A worm (D:2)
  3 orcs (D:2)
  2 bats (D:1)
  4 endoplasms
  3 giant cockroaches
  6 goblins
  6 hobgoblins
  3 quokkas
  6 ball pythons
  7 frilled lizards
  A kobold (D:2)
  3 rats
52 creatures vanquished.

Vanquished Creatures (others)
  6 plants (D:3)
6 creatures vanquished.

Grand Total: 58 creatures vanquished

Notes
Turn   | Place    | Note
-------+----------+-------------------------------------------
     0 | D:1      | Errthou the Troll Berserker began the quest for the Orb.
     0 | D:1      | Reached XP level 1. HP: 22/22 MP: 0/0
   117 | D:1      | Reached XP level 2. HP: 29/29 MP: 1/1
   470 | D:2      | Noticed Natasha
   521 | D:2      | Killed Natasha
   522 | D:2      | Reached skill level 1 in Throwing
   522 | D:2      | Reached skill level 4 in Unarmed Combat
   522 | D:2      | Reached XP level 3. HP: 36/36 MP: 2/2
   540 | D:2      | Reached ** piety under Trog
   559 | D:2      | Reached XP level 4. HP: 44/44 MP: 3/3
   792 | D:2      | Noticed Natasha
   797 | D:2      | Killed Natasha
   869 | D:2      | Noticed Natasha
   874 | D:2      | Killed Natasha
   875 | D:2      | Reached XP level 5. HP: 46/53 MP: 4/4
  1228 | D:3      | Noticed Grinder
  1230 | D:3      | Paralysed by Grinder for 5 turns
  1251 | D:2      | Paralysed by Grinder for 3 turns
  1254 | D:2      | HP: 2/53 [Grinder (4)]
  1254 | D:2      | Slain by Grinder

Illustrated notes

Levels and vault maps discovered:
D:1:      dpeg_arrival_lava_temple_mockup, layout_rooms
D:2:      layout_basic, serial_curves, eino_curves_04, eino_curves_01,
          uniq_natasha
D:3:      layout_rooms, overflow_temple_1_default,
          hellmonk_ecumenical_altar_zigzags, serial_bayou_pond_e,
          minmay_lizard_king, uniq_crazy_yiuf_cottage, uniq_grinder,
          uniq_terence, uniq_pargi

Skill      XL: |  1  2  3  4 |
---------------+-------------+-----
Throwing       | 1 2 |  2.1
Unarmed Combat | 4 |  4.8
Fighting       | 3 |  3.0
Dodging        | |  2.4

Action                   |  1- 3 |  4- 6 || total
-------------------------+-------+-------++-------
Melee: Unarmed           |    71 |    75 ||   146
       Punch             |       |     1 ||     1
Throw: Stone             |     6 |     2 ||     8
Invok: Berserk           |       |     1 ||     1
Armor: Animal skin       |    27 |    20 ||    47
Dodge: Dodged            |    36 |    31 ||    67

Table legend: (Time is in decaauts)
 A = Elapsed time spent in this place.
 B = Non-inter-level travel time spent in this place.
 C = Inter-level travel time spent in this place.
 D = Time resting spent in this place.
 E = Time spent auto-exploring this place.
 F = Levels seen in this place.
 G = Mean time per level.
                   A        B        C        D        E       F      G
               +--------+--------+--------+--------+--------+-----+--------+
         Total |   1259 |   1211 |     48 |     37 |    767 |   3 |  419.7 |
       Dungeon |   1259 |   1211 |     48 |     37 |    767 |   3 |  419.7 |
               +--------+--------+--------+--------+--------+-----+--------+

Top non-repeatable levels by time:
     D:2: 735 daAuts
     D:1: 514 daAuts
     D:3: 9 daAuts
